 Dungeon Crawl Stone Soup version 0.28-a0-1235-g7c8fac35f0 (webtiles) character file.

Game seed: 9748224663395282973

236 r3xj the Covered (level 5, -3/48 HPs)
             Began as a Minotaur Fighter on Dec 24, 2021.
             Slain by a gnoll (12 damage)
             ... on level 2 of the Dungeon.
             The game lasted 00:03:03 (3000 turns).

r3xj the Covered (Minotaur Fighter)                 Turns: 3000, Time: 00:03:04

Health: -3/48      AC:  7    Str: 23    XL:     5   Next: 77%
Magic:  4/4        EV:  9    Int:  5    God:
Gold:   174        SH:  4    Dex:  9    Spells: 4/4 levels left

rFire   . . .      SeeInvis .   a - +0 flail
rCold   . . .      Faith    .   c - +0 buckler
rNeg    . . .      Spirit   .   b - +0 scale mail
rPois   .          Reflect  .   (helmet restricted)
rElec   .          Harm     .   (no cloak)
rCorr   .          Rampage  .   (no gloves)
Will    .....                   (no boots)
Stlth   ..........              (no amulet)
HPRegen 0.16/turn               (no ring)
MPRegen 0.09/turn               (no ring)

@: no status effects
A: horns 2, retaliatory headbutt
a: no special abilities


You were on level 2 of the Dungeon.
You visited 1 branch of the dungeon, and saw 3 of its levels.

You collected 174 gold pieces.

Inventory:

Hand Weapons
 a - a +0 flail (weapon)
Missiles
 f - a throwing net (quivered)
 n - 11 javelins
Armour
 b - a +0 scale mail (worn)
 c - a +0 buckler (worn)
Scrolls
 e - 3 scrolls of identify {unknown}
 g - a scroll of vulnerability {unknown}
 h - a scroll of magic mapping {unknown}
 i - a scroll of torment {unknown}
 k - a scroll of fog {unknown}
 l - a scroll of acquirement {unknown}
Potions
 d - a potion of might
 j - a potion of attraction {unknown}
 m - 3 potions of haste {unknown}
 o - a potion of curing {unknown}


   Skills:
 + Level 5.3 Fighting
 + Level 4.5 Maces & Flails
 + Level 5.3 Armour
 - Level 4.0 Shields


You had 4 spell levels left.
You didn't know any spells.
Your spell library contained the following spells:

 Spells                   Type           Power      Damage    Failure   Level
 Sublimation of Blood     Necr           0%         N/A       88%         2
 Wereblood                Tmut           0%         N/A       88%         2
 Summon Hydra             Summ           0%         N/A       100%        7


Dungeon Overview and Level Annotations

Branches:
Dungeon (3/15)

Altars:

Shops:
D:1 [


Innate Abilities, Weirdness & Mutations

You have a pair of horns on your head.
You reflexively headbutt those who attack you in melee.


Message History

The gnoll is heavily wounded.
The gnoll closely misses you.
You hit the gnoll but do no damage. Your headbutt misses the gnoll.
The gnoll is heavily wounded.
You block the gnoll's attack.
The gnoll hits you from afar with a +0 halberd!
You block the gnoll's attack. The gnoll closely misses you.
You hit the gnoll but do no damage.
The gnoll is heavily wounded.
The gnoll hits you with a +2 flail of protection.
The gnoll barely misses you.
You hit the gnoll but do no damage.
The gnoll is heavily wounded.
The gnoll closely misses you.
The gnoll hits you from afar with a +0 halberd.
You barely miss the gnoll.
The gnoll is heavily wounded.
The gnoll barely misses you.
The gnoll hits you from afar with a +0 halberd!
You are too injured to fight recklessly!
You closely miss the gnoll. Your headbutt misses the gnoll.
The gnoll is heavily wounded.
You block the gnoll's attack.
The gnoll hits you from afar with a +0 halberd!
* * * LOW HITPOINT WARNING * * *
There is an escape hatch in the floor here.
The gnoll hits you with a +2 flail of protection!
* * * LOW HITPOINT WARNING * * *
You see here a +0 short sword.
There is a stone staircase leading up here.
The gnoll barely misses you.
You climb upwards.
There is a stone staircase leading down here.
You completely miss the gnoll.
The gnoll is moderately wounded.
The gnoll closely misses you.
You barely miss the gnoll. Your headbutt misses the gnoll.
The gnoll is moderately wounded.
The gnoll hits you with a +2 flail of protection!
You die...

###.(..##...#...
##......[........
#...######......#
#.#...####...)###
#######.###........>...
##...........##.....##..
##...............#...##..
#...............#####...#
#......g@........##...###
#................##.#####
#...................###..
#.................###...#
##....................###
##.....#........######
###########....# #....#
#....#


You could see a gnoll.

Vanquished Creatures
  A scorpion (D:3)
  Terence (D:2)
  2 gnolls
  6 adders
  A worm (D:2)
  A dart slug (D:1)
  5 orcs (D:3)
  2 bats
  5 endoplasms
  2 giant cockroaches (D:2)
  4 goblins
  7 hobgoblins
  6 jackals
  4 quokkas
  4 ball pythons
  4 frilled lizards
  6 kobolds
  6 rats
67 creatures vanquished.

Notes
Turn   | Place    | Note
-------+----------+-------------------------------------------
     0 | D:1      | r3xj the Minotaur Fighter began the quest for the Orb.
     0 | D:1      | Reached XP level 1. HP: 19/19 MP: 0/0
    38 | D:1      | You fall into a shaft and drop 1 floor!
    69 | D:2      | Reached XP level 2. HP: 22/27 MP: 1/1
   343 | D:1      | Found a faded altar of an unknown god.
   441 | D:1      | Reached XP level 3. HP: 33/33 MP: 2/2
   718 | D:1      | Found Daasi's Armour Shoppe.
  1039 | D:2      | Noticed Terence
  1052 | D:2      | Killed Terence
  1053 | D:2      | Reached XP level 4. HP: 10/41 MP: 3/3
  2025 | D:3      | Reached XP level 5. HP: 47/47 MP: 4/4
  2206 | D:3      | Reached skill level 5 in Armour
  2402 | D:3      | Reached skill level 5 in Fighting
  3000 | D:2      | Slain by a gnoll

Illustrated notes

Levels and vault maps discovered:
D:1:      dpeg_arrival_solitude, layout_loops_ring, serial_shops, shop_statue,
          ebering_ecumenical_altar_box
D:2:      layout_rooms, uniq_terence
D:3:      layout_loops_corners, chequers_jeans, chequers_serial_rivers_small_a

Skill      XL: |  1  2  3  4  5 |
---------------+----------------+-----
Shields        | 4 |  4.0
Fighting       | 4 5 |  5.3
Armour         | 4 5 |  5.3
Maces & Flails | 3 4 |  4.5

Action                   |  1- 3 |  4- 6 || total
-------------------------+-------+-------++-------
Melee: Flail             |    83 |    73 ||   156
       Headbutt          |    10 |    12 ||    22
Armor: Scale mail        |    30 |    21 ||    51
Dodge: Dodged            |    34 |    28 ||    62
Block: Buckler           |    15 |    10 ||    25

Table legend: (Time is in decaauts)
 A = Elapsed time spent in this place.
 B = Non-inter-level travel time spent in this place.
 C = Inter-level travel time spent in this place.
 D = Time resting spent in this place.
 E = Time spent auto-exploring this place.
 F = Levels seen in this place.
 G = Mean time per level.
                   A        B        C        D        E       F      G
               +--------+--------+--------+--------+--------+-----+--------+
         Total |   3039 |   2972 |     67 |    172 |   2346 |   3 | 1013.0 |
       Dungeon |   3039 |   2972 |     67 |    172 |   2346 |   3 | 1013.0 |
               +--------+--------+--------+--------+--------+-----+--------+

Top non-repeatable levels by time:
     D:3: 1146 daAuts
     D:2: 1042 daAuts
     D:1: 849 daAuts
